 Dungeon Crawl Stone Soup version 0.31-a0-246-g8cbcc1cb85 (webtiles) character file.

Game seed: 18135988483376909049

35 qw the Shooter (level 3, -2/21 HPs)
             Began as a Gargoyle Hexslinger on July 12, 2023.
             Killed from afar by Natasha (4 damage)
             ... with a magic dart
             ... on level 2 of the Dungeon.
             The game lasted 00:00:21 (737 turns).

qw the Shooter (Gargoyle Hexslinger)                 Turns: 737, Time: 00:00:21

Health: -2/21      AC:  6    Str: 17    XL:     3   Next: 33%
Magic:  4/4        EV: 12    Int: 16    God:
Gold:   54         SH:  0    Dex: 14    Spells: 3/4 levels left

rFire   . . .        Y - +1 sling
rCold   . . .        (no shield)
rNeg    + . .        c - +0 robe
rPois   inf          d - +0 helmet {Int+3}
rElec   +            (no cloak)
rCorr   .            (no gloves)
SInv    .            (no boots)
Will    .....        (no amulet)
Stlth   +            g - +6 ring of strength
HPRegen 0.23/turn    (no ring)
MPRegen 0.09/turn

%: no passive effects
@: no status effects
A: sickness immunity, AC +3, negative energy resistance 1, electricity
resistance, torment resistance 1, petrification resistance
a: no special abilities


You were on level 2 of the Dungeon.
You visited 1 branch of the dungeon, and saw 2 of its levels.

You collected 54 gold pieces.


Innate Abilities, Weirdness & Mutations

You are immune to sickness and miasma.
Your stone body is resilient. (AC +3)
You are immune to poison.
You resist negative energy. (rN+)
You are resistant to electric shocks. (rElec)
You are resistant to unholy torment.
You are immune to petrification.


   Skills:
 - Level 2.0 Fighting
 + Level 3.2 Ranged Weapons
 - Level 1.5 Dodging
 - Level 1.0 Spellcasting
 - Level 2.6 Hexes


You had 3 spell levels left.
You knew the following spells:

 Your Spells              Type           Power      Damage    Failure   Level
a - Slow                  Hex            36%        N/A       8%          1

Your spell library contained the following spells:

 Spells                   Type           Power      Damage    Failure   Level
 Inner Flame              Hex/Fire       5%         N/A       36%         3
 Portal Projectile        Hex/Tloc       10%        N/A       36%         3
 Cause Fear               Hex            4%         N/A       58%         4

Inventory:

Hand Weapons
 Y - a +1 sling (weapon)
Armour
 c - a +0 robe (worn)
 d - a +0 helmet of intelligence (worn)
Jewellery
 g - a +6 ring of strength (left hand)
Scrolls
 a - a scroll of enchant weapon {unknown}
Potions
 h - a potion of magic {unknown}
 i - a potion of curing {unknown}

Dungeon Overview and Level Annotations

Branches:
Dungeon (2/15)

Altars:

Annotations:
D:2 Natasha


Message History

Natasha mumbles some strange words.
You shoot a sling bullet. The sling bullet hits Natasha.
Natasha is heavily wounded.
Natasha casts a spell at you. You resist with significant effort.
The cerulean imp barely misses you.
You shoot a sling bullet. The sling bullet barely misses Natasha.
Natasha claws you. The cerulean imp closely misses you.
You shoot a sling bullet. The sling bullet misses Natasha.
Natasha claws you. The cerulean imp barely misses you.
You shoot a sling bullet. The sling bullet hits Natasha.
Natasha is heavily wounded.
The cerulean imp hits you with a +1 spear.
Natasha barely misses you.
You shoot a sling bullet.
The sling bullet hits Natasha but does no damage.
Natasha is heavily wounded.
Natasha barely misses you. The cerulean imp barely misses you.
Natasha claws you.
The cerulean imp hits you but does no damage.
You shoot a sling bullet. The sling bullet barely misses Natasha.
Natasha claws you but does no damage.
The cerulean imp hits you with a +1 spear.
You shoot a sling bullet.
The sling bullet hits Natasha but does no damage.
Natasha is heavily wounded.
Natasha completely misses you.
The cerulean imp hits you but does no damage.
You shoot a sling bullet. The sling bullet misses Natasha.
Natasha barely misses you. The cerulean imp completely misses you.
You shoot a sling bullet. The sling bullet barely misses Natasha.
The cerulean imp closely misses you.
Natasha stares at you and mumbles some strange words.
The magic dart hits you.
You shoot a sling bullet. The sling bullet hits Natasha.
Natasha is severely wounded.
Natasha barely misses you. The cerulean imp misses you.
The cerulean imp barely misses you. Natasha casts a spell at you.
The magic dart hits you.
You die...

##.##### ......[
.r...# h....
...##### ......
########..####
#....5@h.....#
#.#######....#
#....#....#.....
#.......#.#.#...
#.##.#..#.#.# >.
#.##.##...#.# ####
#+##.##.#...#####.#
..................#
.....###.)#######.#


You could see Natasha and a cerulean imp (summoned).

Vanquished Creatures
  An adder (D:2)
  A bat (D:1)
  4 endoplasms (D:1)
  A giant cockroach (D:1)
  2 goblins (D:1)
  2 hobgoblins (D:1)
  2 jackals (D:1)
  A quokka (D:2)
  2 ball pythons (D:1)
  2 frilled lizards (D:1)
  3 kobolds
  4 rats (D:1)
25 creatures vanquished.

Notes
Turn   | Place    | Note
-------+----------+-------------------------------------------
     0 | D:1      | qw the Gargoyle Hexslinger began the quest for the Orb.
     0 | D:1      | Reached XP level 1. HP: 12/12 MP: 2/2
     0 | D:1      | 0 ||| qw: Version: 0.3-a-52-g30416fa
     0 | D:1      | 0 ||| qw: Game counter: 6482
     0 | D:1      | 0 ||| qw: Melee chars always use a shield: true
     0 | D:1      | 0 ||| qw: God list: Okawaru
     0 | D:1      | 0 ||| qw: Allow faded altars: false
     0 | D:1      | 0 ||| qw: Do Orc after clearing Dungeon:15 true
     0 | D:1      | 0 ||| qw: Do second Lair branch before Depths: true
     0 | D:1      | 0 ||| qw: Lair rune preference: random
     0 | D:1      | 0 ||| qw: Goals: Normal
     0 | D:1      | 0 ||| PLANNING D:1-11
    97 | D:1      | Reached XP level 2. HP: 16/16 MP: 3/3
   262 | D:1      | Reached skill level 3 in Ranged Weapons
   619 | D:1      | 619 ||| UPGRADING to +0 helmet of intelligence.
   624 | D:1      | 624 ||| UPGRADING to +6 ring of strength.
   625 | D:1      | 625 ||| READING scroll labelled KUSCHAN ICVEL.
   626 | D:1      | 626 ||| DRINKING 2 purple potions.
   627 | D:1      | 627 ||| DROPPING scroll of poison.
   675 | D:2      | Reached XP level 3. HP: 21/21 MP: 4/4
   703 | D:2      | Noticed Natasha
   704 | D:2      | 704 ||| Stepping ~*~*~tactically~*~*~ (outnumbered).
   709 | D:2      | 709 ||| Stepping ~*~*~tactically~*~*~ (outnumbered).
   725 | D:2      | HP: 5/21 [Natasha/magic dart (4)]
   726 | D:2      | 726 ||| DRINKING potion of heal wounds.
   733 | D:2      | HP: 5/21 [cerulean imp/+1 spear[Natasha] (2)]
   736 | D:2      | HP: 2/21 [Natasha/magic dart (4)]
   737 | D:2      | Killed from afar by Natasha

Levels and vault maps discovered:
D:1:      erik_arrival_orb_chamber, layout_loops_ring
D:2:      layout_basic, basic_ecumenical_altar, chequers_arboretum, uniq_natasha

Skill      XL: |  1  2 |
---------------+-------+-----
Ranged Weapons | 3 |  3.2
Fighting       | 2 |  2.0
Dodging        | |  1.5
Spellcasting   | |  1.0
Hexes          | |  2.6

Action                     || total
---------------------------++-------
   Fire: Sling             ||    99
    Use: Potion            ||     2
         Scroll            ||     1
 Armour: Robe              ||    16
  Dodge: Dodged            ||    48

Table legend:
 A = Non-vault XP
 B = Vault XP
 C = Vault XP percentage of total XP
 D = Non-vault monster count
 E = Vault monster count
 F = Vault count percentage of total count
                 A         B        C        D         E       F
            +---------+---------+-------+---------+---------+-------
      Total |      50 |       0 |   0.0 |      25 |       0 |   0.0
            +---------+---------+-------+---------+---------+-------
        D:1 |      33 |       0 |   0.0 |      22 |       0 |   0.0
        D:2 |      17 |       0 |   0.0 |       3 |       0 |   0.0
            +---------+---------+-------+---------+---------+-------
